 Dungeon Crawl Stone Soup version 0.29-a0-886-gfb1a3fa8b1 (webtiles) character file.

Game seed: 10687476357491468617

30 Ijustatesigmund the Digger (level 3, -1/21 HPs)
             Began as an Octopode Earth Elementalist on July 21, 2022.
             Slain by a bullfrog (8 damage)
             ... on level 4 of the Dungeon.
             The game lasted 00:03:39 (1244 turns).

Ijustatesigmund the Digger (OpEE)                   Turns: 1244, Time: 00:03:40

Health: -1/21      AC:  1    Str:  7    XL:     3   Next: 20%
Magic:  6/6        EV: 13    Int: 19    God:
Gold:   67         SH:  0    Dex: 12    Spells: 1/7 levels left

rFire   . . .      SeeInvis .   c - +2 dagger (venom)
rCold   . . .      Faith    .   (no shield)
rNeg    . . .      Spirit   .   (helmet restricted)
rPois   .          Reflect  .   (no amulet)
rElec   .          Harm     .   (no ring)
rCorr   .          Rampage  .   (no ring)
Will    .....                   (no ring)
Stlth   +++.......              (no ring)
HPRegen 0.07/turn               (no ring)
MPRegen 0.10/turn               (no ring)
                                (no ring)
                                (no ring)

@: about to teleport
A: almost no armour, amphibious, 8 rings, camouflage 1, gelatinous body 1,
(nimble swimmer 1), tentacles
a: no special abilities


You were on level 4 of the Dungeon.
You visited 1 branch of the dungeon, and saw 3 of its levels.

You collected 67 gold pieces.

Inventory:

Hand Weapons
 c - a +2 dagger of venom (weapon)
Potions
 a - a potion of magic
 b - a potion of curing {unknown}
 d - a potion of resistance {unknown}


   Skills:
 - Level 2.0 Dodging
 - Level 2.6 Stealth
 + Level 2.5 Spellcasting
 * Level 0.2 Conjurations
 + Level 1.8 Transmutations
 + Level 3.4 Earth Magic


You had one spell level left.
You knew the following spells:

 Your Spells              Type           Power      Damage    Failure   Level
a - Sandblast             Erth           30%        2d9       4%          1
b - Stone Arrow           Conj/Erth      18%        3d8       22%         3
c - Passwall              Tmut/Erth      10%        N/A       9%          2

Your spell library contained the following spells:

 Spells                   Type           Power      Damage    Failure   Level
 Petrify                  Tmut/Erth      12%        N/A       47%         4


Dungeon Overview and Level Annotations

Branches:
Dungeon (2/15)

Altars:

Shops:
D:1 (


Innate Abilities, Weirdness & Mutations

You cannot wear most types of armour.
You are amphibious.
You can wear up to eight rings at the same time.
Your skin changes colour to match your surroundings (Stealth+).
Your rubbery body absorbs attacks. (AC +1, EV +1)
((You are camouflaged when in or above water. (Stealth+)))
You have tentacles for arms and can constrict up to eight enemies at once.


Message History

Found a hand axe.
A goblin comes into view. It is wielding a +0 dagger.
The goblin shouts!
You hear a shout! x2
An ogre comes into view. It is wielding a +0 giant club.
The ogre shouts!
You hear a shout!
An orc wizard comes into view. It is wielding a +0 dagger.
The kobold shouts!
You hit the goblin.
You kill the goblin!
A ball python comes into view.
The orc wizard mumbles some strange words.
The orc wizard flickers and vanishes!
Deactivating autopickup; reactivate with Ctrl-A.
The kobold attacks as you move away!
The kobold hits you with a +0 short sword.
The kobold attacks as you move away! The kobold completely misses you.
A lemure comes into view.
The kobold attacks as you move away! The kobold closely misses you.
The kobold attacks as you move away! The kobold barely misses you.
The kobold attacks as you move away!
The kobold hits you with a +0 short sword.
You closely miss the kobold. You grab the kobold. You constrict the kobold.
The kobold barely misses you.
You hit the kobold.
You kill the kobold!
A kobold comes into view.
It is wielding a +0 whip and quivering poisoned darts.
A bullfrog comes into view.
The kobold shouts!
The bullfrog gives a loud, deep croak!
The kobold throws a poisoned dart.
The poisoned dart completely misses you.
The kobold attacks as you move away! The kobold closely misses you.
The bullfrog hits you. The bullfrog attacks as you move away!
The bullfrog misses you.
As you read the scroll labelled CUACOI QOUROHOA, it crumbles to dust.
You feel strangely unstable.
It was a scroll of teleportation.
The bullfrog closely misses you. The bullfrog hits you.
The bullfrog attacks as you move away! The bullfrog hits you.
The bullfrog attacks as you move away! The bullfrog barely misses you.
The bullfrog hits you!
You die...

############## .............#
.#######.....##### .#
#.......K.F.# .#
#.#.....###@######## )#
#.#.....# #........# .#
#.###.### #.######[## .# #.# #.#
#.........####### {# #.# #.#
#...............#
.#####.##.#.####..#####..#####.#
.........###......# #..# #.#
.....#.##.#.###########..# ##.##
...........### .......####....


You could see a bullfrog and a kobold.

Vanquished Creatures
  A dart slug (D:1)
  5 bats
  2 endoplasms (D:1)
  A giant cockroach (D:1)
  3 hobgoblins (D:1)
  A quokka (D:1)
  3 ball pythons
  A frilled lizard (D:1)
  4 goblins
  3 kobolds
  A rat (D:1)
25 creatures vanquished.

Notes
Turn   | Place    | Note
-------+----------+-------------------------------------------
     0 | D:1      | Ijustatesigmund the Octopode Earth Elementalist began the
                  | quest for the Orb.
     0 | D:1      | Reached XP level 1. HP: 11/11 MP: 3/3
    75 | D:1      | Found Pastruen's Antique Weapon Boutique.
   132 | D:1      | Reached XP level 2. HP: 9/17 MP: 3/5
   829 | D:1      | Reached XP level 3. HP: 20/21 MP: 6/6
   833 | D:1      | Learned a level 3 spell: Stone Arrow
   836 | D:1      | Learned a level 2 spell: Passwall
  1160 | D:2      | You fall into a shaft and drop 2 floors!
  1209 | D:4      | Noticed an ogre
  1217 | D:4      | Noticed a lemure
  1235 | D:4      | Noticed a bullfrog
  1244 | D:4      | Slain by a bullfrog

Illustrated notes

Levels and vault maps discovered:
D:1:      ncdulo_halloftheorcs, layout_loops_cross, serial_shops,
          nicolae_shop_crystal
D:2:      layout_loops_corners, shapermc_ecumenical_altar_starsandcircs
D:4:      layout_loops_ring, minmay_ruptured, uniq_sigmund, uniq_pikel

Action                   || total
-------------------------++-------
Melee: Dagger            ||    27
       Constrict         ||     9
       Tentacles         ||     4
 Cast: Sandblast         ||     7
  Use: Scroll            ||     2
 Stab: Sleeping          ||     4
Armor: Skin              ||     2
Dodge: Dodged            ||    16

Table legend: (Time is in decaauts)
 A = Elapsed time spent in this place.
 B = Non-inter-level travel time spent in this place.
 C = Inter-level travel time spent in this place.
 D = Time resting spent in this place.
 E = Time spent auto-exploring this place.
 F = Levels seen in this place.
 G = Mean time per level.
                   A        B        C        D        E       F      G
               +--------+--------+--------+--------+--------+-----+--------+
         Total |   1251 |   1196 |     55 |    187 |    842 |   3 |  417.0 |
       Dungeon |   1251 |   1196 |     55 |    187 |    842 |   3 |  417.0 |
               +--------+--------+--------+--------+--------+-----+--------+

Top non-repeatable levels by time:
     D:1: 1098 daAuts
     D:4: 83 daAuts
     D:2: 68 daAuts
